 Dungeon Crawl Stone Soup version 0.15-a0-1569-gdbe329f (webtiles) character file.

5965 Arvee the Grappler (level 10, -29/107 HPs)
             Began as a Troll Monk on June 18, 2014.
             Was an Elder of Okawaru.
             Hit by a large rock thrown by a stone giant (46 damage)
             ... on Level 3 of the Orcish Mines.
             The game lasted 00:23:26 (7902 turns).

Arvee the Grappler (Troll Monk)                     Turns: 7902, Time: 00:23:26

HP -29/107       AC  7     Str 21      XL: 10   Next: 54%
MP   4/4         EV 12     Int  6      God: Okawaru [****..]
Gold 1023        SH  0     Dex 15      Spells:  0 memorised,  9 levels left

rFire  . . .     SeeInvis .       - Unarmed
rCold  . . .     Clarity  .     n - +1 robe
rNeg   . . .     rCorr    +     (shield restricted)
rPois  .         rRot     .     (helmet restricted)
rElec  .         Spirit   .     l - +0 cloak
SustAb .         Warding  .     (gloves unavailable)
rMut   .         Stasis   .     (boots unavailable)
Gourm  +                        F - amulet of resist corrosion
MR     +....                    o - ring of stealth
                                t - ring of protection from magic

@: somewhat resistant to hostile enchantments, fairly stealthy
A: unfitting armour, claws 3, fast metabolism 3, gourmand, regeneration 2,
saprovore 2, shaggy fur 1, tough skin 2
a: Heroism, Renounce Religion


You were on level 3 of the Orcish Mines.
You worshipped Okawaru.
Okawaru was greatly pleased with you.
You were very full.

You visited 3 branches of the dungeon, and saw 13 of its levels.

You collected 1023 gold pieces.

Inventory:

Armour
 l - a +0 cloak (worn)
 n - a +1 robe (worn)
 y - a +0 shield
Magical devices
 k - a wand of digging (7)
 z - a wand of fireball (4)
 C - a wand of fireball (3)
Comestibles
 b - 8 meat rations
 i - 5 fruits
 p - 6 bread rations
 r - a rotting chunk of orc flesh
 A - a slice of pizza
 D - 2 royal jellies
 E - a beef jerky
 G - a chunk of ogre flesh
Scrolls
 a - 6 scrolls of remove curse
 e - 2 scrolls of teleportation
 f - 4 scrolls of identify
 h - a scroll of magic mapping
 j - a scroll of fog
 s - 2 scrolls of random uselessness
 v - 2 scrolls of immolation
 w - a scroll of recharging {unknown}
Jewellery
 m - an uncursed ring of wizardry
 o - a ring of stealth (right claw)
 t - a ring of protection from magic (left claw)
 B - a cursed ring of fire
 F - an amulet of resist corrosion (around neck)
Potions
 c - 2 potions of heal wounds
 d - 2 potions of curing
 g - 3 potions of flight
 q - a potion of poison {unknown}
 u - 2 potions of restore abilities {unknown}
Books
 x - a book of the Sky

   Spells                             Type                      Level
   Flight                             Charms/Air                   3
   Airstrike                          Air                          4
   Silence                            Hexes/Air                    5
   Deflect Missiles                   Charms/Air                   6
   Conjure Ball Lightning             Conjuration/Air              6
   Tornado                            Air                          9


   Skills:
 - Level 9.0 Fighting
 - Level 4.1 Dodging
 - Level 1.1 Stealth
 + Level 2.9 Shields
 + Level 11.5 Unarmed Combat


You had 9 spell levels left.
You didn't know any spells.

Dungeon Overview and Level Annotations

Branches:
Dungeon (9/15)             Temple (1/1) D:4             Orc (3/4) D:9
    Elf (0/3) Orc:3
   Lair: D:8-11

Altars:
Ashenzari
Dithmenos
Elyvilon
Gozag
Kikubaaqudgha
Makhleb
Nemelex Xobeh
Okawaru
Qazlal
Sif Muna
Trog
Xom
Yredelemnul
Zin

Shops:
D:6 %


Innate Abilities, Weirdness & Mutations

You are too large for most types of armour.
You have claws for hands.
Your metabolism is lightning-fast.
You like to eat raw meat.
You heal very quickly.
You can eat rotten meat.
You are covered in fur (AC +1).
You have very tough skin (AC +2).


Message History

Found a stone staircase leading down and a stone staircase leading up.
There is a stone staircase leading up here.
Found a staircase to the Elven Halls.
The stone giant shouts!
Found 14 gold pieces.
An orc comes into view.
The stone giant throws a large rock.
The large rock hits you!!!
You see here a large rock.
The stone giant hits you!
You scratch the stone giant.
The stone giant begins to bleed from its wounds!
The stone giant is lightly wounded.
You scratch the stone giant.
The stone giant is lightly wounded.
The stone giant hits you!!!
* * * LOW HITPOINT WARNING * * *
The stone giant throws a large rock.
The large rock misses you.
You see here a large rock.
The stone giant throws a large rock.
The large rock hits you!!!
You die...

.......$...
...........#.
...............
...............
..........(....
.................
.#......<>.......
.................
........@....$...
........(.......#
..........#....##
....#..$##
..##..........#
...........##
.....>....#..#
.............
..#.$##....


You could see a stone giant (bleeding) and an orc.

Vanquished Creatures
  Pikel (D:4)
  An orc knight (Orc:1)
  Grinder (D:3)
  Prince Ribbit (D:4)
  A hippogriff (D:8)
  2 wargs
  Menkaure (D:4)
  A water moccasin (D:6)
  8 orc warriors
  A slave (D:4)
  A necrophage (D:5)
  2 black bears (D:8)
  A sky beast (D:8)
  An ice beast (D:6)
  A centaur (D:7)
  A crocodile (D:8)
  8 ogres
  Sigmund (D:3)
  3 giant frogs
  A yak zombie (D:8)
  4 crimson imps
  A yak skeleton (D:7)
  A giant frog zombie (D:5)
  4 hounds
  9 orc priests
  2 giant frog skeletons
  An iguana (D:8)
  15 orc wizards
  6 worker ants
  Ijyb (D:7)
  Jessica (D:3)
  An ogre skeleton (D:8)
  A mummy (D:8)
  12 adders
  A gnoll (D:8)
  A giant mite (D:6)
  3 worms
  A shadow imp (D:8)
  An adder zombie (D:5)
  3 giant geckos
  71 orcs
  3 ball pythons
  18 hobgoblins
  10 jackals
  11 bats
  6 giant cockroaches
  5 giant newts
  A giant newt zombie (D:5)
  27 goblins
  A hobgoblin skeleton (D:4)
  30 kobolds
  3 orc skeletons
  2 orc zombies
  2 quokkas
  A quokka skeleton (D:3)
  10 rats
  A rat skeleton (D:7)
  2 ballistomycetes (D:7)
  2 butterflies (D:4)
313 creatures vanquished.

Vanquished Creatures (others)
  A worker ant (D:4)
  A giant gecko (D:4)
  An ooze (D:4)
  A giant spore (D:7)
  A butterfly (D:4)
5 creatures vanquished.

Grand Total: 318 creatures vanquished

Notes
Turn   | Place    | Note
--------------------------------------------------------------
     0 | D:1      | Arvee, the Troll Monk, began the quest for the Orb.
     0 | D:1      | Reached XP level 1. HP: 22/22 MP: 1/1
   243 | D:1      | Reached XP level 2. HP: 29/29 MP: 1/1
   722 | D:2      | Reached XP level 3. HP: 22/36 MP: 2/2
   899 | D:2      | Reached XP level 4. HP: 44/44 MP: 2/2
  1311 | D:2      | Found a basalt altar of Yredelemnul.
  1311 | D:2      | Found a white marble altar of Elyvilon.
  1588 | D:3      | Noticed Sigmund
  1655 | D:2      | Reached XP level 5. HP: 30/52 MP: 2/2
  1704 | D:3      | Killed Sigmund
  1752 | D:3      | Reached skill level 5 in Unarmed Combat
  1887 | D:3      | Noticed Grinder
  1888 | D:3      | Paralysed by Grinder for 2 turns
  1897 | D:3      | Killed Grinder
  1897 | D:3      | Reached XP level 6. HP: 43/62 MP: 3/3
  2045 | D:3      | Noticed Jessica
  2055 | D:3      | Killed Jessica
  2055 | D:3      | Reached skill level 6 in Unarmed Combat
  2055 | D:3      | Reached XP level 7. HP: 65/70 MP: 3/3
  2403 | D:4      | Noticed Prince Ribbit
  2409 | D:4      | Killed Prince Ribbit
  2409 | D:4      | Reached skill level 5 in Fighting
  2469 | D:4      | Noticed Pikel
  2490 | D:4      | Killed Pikel
  2490 | D:4      | Reached skill level 7 in Unarmed Combat
  2490 | D:4      | Reached XP level 8. HP: 56/83 MP: 3/3
  2565 | D:4      | Found a shimmering altar of Xom.
  2565 | D:4      | Found a burning altar of Makhleb.
  2682 | D:4      | Noticed Menkaure
  2688 | D:4      | Killed Menkaure
  2688 | D:4      | Reached skill level 8 in Unarmed Combat
  2886 | D:4      | Found a staircase to the Ecumenical Temple.
  2978 | Temple   | Entered the Ecumenical Temple
  3126 | Temple   | Became a worshipper of Warmaster Okawaru
  3126 | Temple   | Acquired Okawaru's first power
  3396 | D:4      | Found a sparkling altar of Nemelex Xobeh.
  3420 | D:5      | Entered Level 5 of the Dungeon
  3770 | D:5      | Reached XP level 9. HP: 86/92 MP: 4/4
  4010 | D:6      | Reached skill level 9 in Unarmed Combat
  4321 | D:6      | Found Tregh's Food Boutique.
  4675 | D:7      | Got an encrusted buckler
  4678 | D:7      | Identified the cursed -1 buckler "Stoagiwn" {rPois Slay+2} (You found it on level 7 of the Dungeon)
  4683 | D:7      | Noticed Ijyb
  4726 | D:7      | Killed Ijyb
  5522 | D:8      | Reached skill level 10 in Unarmed Combat
  5531 | D:8      | Found a bloodstained altar of Trog.
  6266 | D:9      | Found a staircase to the Orcish Mines.
  6280 | D:9      | Reached XP level 10. HP: 60/106 MP: 4/4
  6326 | Orc:1    | Entered Level 1 of the Orcish Mines
  7236 | Orc:2    | Reached skill level 11 in Unarmed Combat
  7289 | Orc:2    | Reached skill level 1 in Shields
  7331 | Orc:2    | Noticed an orc knight
  7603 | Orc:1    | HP: 2/107 [orc knight/halberd (22)]
  7604 | Orc:1    | Killed an orc knight
  7894 | Orc:3    | Noticed a stone giant
  7895 | Orc:3    | Found a staircase to the Elven Halls.
  7902 | Orc:3    | Hit by a large rock thrown by a stone giant

Action                   |  1- 3 |  4- 6 |  7- 9 | 10-12 || total
-------------------------+-------+-------+-------+-------++-------
Melee: Unarmed           |    98 |   146 |   391 |   183 ||   818
Invok: Heroism           |       |       |       |     1 ||     1
Evoke: Wand              |       |       |     6 |       ||     6
  Use: Potion            |       |       |     3 |       ||     3
       Scroll            |       |       |    12 |     1 ||    13
 Stab: Sleeping          |     1 |     2 |    16 |       ||    19
